 Dungeon Crawl Stone Soup version 0.30.0 (webtiles) character file.

Game seed: 11131349719409509163

2 Death the Vexing (level 1, -1/17 HPs)
             Began as a Gnoll Hexslinger on Sept 30, 2023.
             Slain by a kobold
             ... wielding a +0 short sword
              (2 damage)
             ... on level 1 of the Dungeon.
             The game lasted 00:02:24 (87 turns).

Death the Vexing (Gnoll Hexslinger)                   Turns: 87, Time: 00:02:24

Health: -1/17      AC:  2    Str:  9    XL:     1   Next: 30%
Magic:  4/4        EV: 13    Int: 12    God:
Gold:   32         SH:  0    Dex: 12    Spells: 4/5 levels left

rFire   . . .        a - +1 sling
rCold   . . .        (no shield)
rNeg    . . .        c - +0 robe
rPois   .            (no helmet)
rElec   .            (no cloak)
rCorr   .            (no gloves)
SInv    .            (no boots)
Will    .....        (no amulet)
Stlth   +            (no ring)
HPRegen 0.22/turn    (no ring)
MPRegen 0.09/turn

%: no passive effects
@: no status effects
A: fangs 1, strong nose, distributed training
a: no special abilities


You were on level 1 of the Dungeon.
You visited 1 branch of the dungeon, and saw 1 of its levels.

You collected 32 gold pieces.

Inventory:

Hand Weapons
 a - a +1 sling (weapon)
Armour
 c - a +0 robe (worn)
Scrolls
 b - a scroll of poison


   Skills:
 + Level 2.3 Fighting
 + Level 0.0 Short Blades
 + Level 0.0 Long Blades
 + Level 0.0 Axes
 + Level 0.0 Maces & Flails
 + Level 0.0 Polearms
 + Level 0.0 Staves
 + Level 4.4 Ranged Weapons
 + Level 0.0 Throwing
 + Level 0.0 Armour
 + Level 4.4 Dodging
 + Level 0.0 Stealth
 + Level 0.0 Shields
 + Level 0.0 Unarmed Combat
 + Level 2.6 Spellcasting
 + Level 0.0 Conjurations
 + Level 5.3 Hexes
 + Level 0.0 Summonings
 + Level 0.0 Necromancy
 + Level 0.0 Translocations
 + Level 0.0 Transmutations
 + Level 0.0 Fire Magic
 + Level 0.0 Ice Magic
 + Level 0.0 Air Magic
 + Level 0.0 Earth Magic
 + Level 0.0 Poison Magic
 + Level 0.1 Invocations
 + Level 0.0 Evocations


You had 4 spell levels left.
You knew the following spells:

 Your Spells              Type           Power      Damage    Failure   Level
a - Slow                  Hex            56%        N/A       2%          1

Your spell library contained the following spells:

 Spells                   Type           Power      Damage    Failure   Level
 Inner Flame              Hex/Fire       8%         N/A       26%         3
 Portal Projectile        Hex/Tloc       16%        N/A       26%         3
 Cause Fear               Hex            7%         N/A       28%         4


Dungeon Overview and Level Annotations

Branches:
Dungeon (1/15)

Altars:


Innate Abilities, Weirdness & Mutations

You have very sharp teeth.
Your uncanny sense of smell can sniff out nearby items.
Your experience applies equally to all skills.


Message History

The kobold hits you but does no damage. The kobold barely misses you.
The hobgoblin closely misses you.
You shoot a sling bullet.
The sling bullet closely misses the hobgoblin.
The kobold misses you. The kobold hits you but does no damage.
The hobgoblin misses you.
You shoot a sling bullet.
The sling bullet hits the hobgoblin but does no damage.
The hobgoblin is heavily wounded.
The kobold misses you. The kobold completely misses you.
The hobgoblin closely misses you. The hobgoblin barely misses you.
The kobold barely misses you. x2
You shoot a sling bullet.
The sling bullet hits the hobgoblin but does no damage.
The hobgoblin is heavily wounded.
The kobold hits you but does no damage. The kobold closely misses you.
The hobgoblin hits you but does no damage.
You shoot a sling bullet. The sling bullet hits the hobgoblin!
You kill the hobgoblin!
The kobold hits you with a +0 short sword.
The kobold barely misses you.
You shoot a sling bullet.
The sling bullet hits the kobold but does no damage.
The kobold hits you but does no damage. The kobold barely misses you.
You shoot a sling bullet.
The sling bullet closely misses the kobold.
The kobold misses you. The kobold hits you but does no damage.
You shoot a sling bullet.
The sling bullet hits the kobold but does no damage.
The kobold hits you with a +0 short sword.
The kobold hits you but does no damage.
The kobold hits you with a +0 short sword.
The kobold hits you with a +0 whip.
* * * LOW HITPOINT WARNING * * *
You shoot a sling bullet. The sling bullet hits the kobold.
You kill the kobold!
The kobold hits you with a +0 short sword.
* * * LOW HITPOINT WARNING * * *
The kobold hits you with a +0 short sword.
You die...

##'##
##...##
##....[##
##.......##
#.........#
+.........+
#.........#
##...[...##
##.K@†.##
##...##
##+## ∆


You could see a kobold.

Vanquished Creatures
  A hobgoblin (D:1)
  A kobold (D:1)
2 creatures vanquished.

Notes
Turn   | Place    | Note
-------+----------+-------------------------------------------
     0 | D:1      | Death the Gnoll Hexslinger began the quest for the Orb.
     0 | D:1      | Reached XP level 1. HP: 17/17 MP: 4/4
    87 | D:1      | Slain by a kobold

Illustrated notes

Levels and vault maps discovered:
D:1:      psy_arrival_fountain, layout_loops_corners, serial_shops, shop

Action                     || total
---------------------------++-------
   Fire: Sling             ||    13
 Armour: Robe              ||    14
  Dodge: Dodged            ||    32
